[Event "Titled Tuesday Blitz February 14 Early 2023"]
[White "Tymrakiewicz, Rafal"]
[Black "mestrefeitosa19"]
[WhiteFideId "1108832"]
[WhiteElo "2144"]
[BlackElo "2211"]
[Result "1-0"]
[Round "02"]
[TimeControl "180+2"]
[Date "2023.02.15"]
[WhiteClock "0:01:00"]
[BlackClock "0:00:05"]

1. d4 d5 2. Bg5 h6 3. Bh4 g5 4. Bg3 Bg7 5. e3 Nf6 6. c4 e6 7. Nc3 b6 8. cxd5 Nxd5 9. Bb5+ c6 10. Bd3 Bb7 11. Nf3 Nd7 12. O-O Rc8 13. e4 Nxc3 14. bxc3 Nf6 15. Re1 O-O 16. Qe2 c5 17. e5 Ne8 18. Rad1 cxd4 19. cxd4 Bd5 20. Bb1 Qe7 21. Qd3 f5 22. exf6 Nxf6 23. Ne5 Rfd8 24. h4 Bh8 25. hxg5 hxg5 26. Ng6 Qf7 27. Nxh8 Kxh8 28. Be5 Rd7 29. Re3 Kg8 30. Rg3 Nh7 31. Qe3 Kf8 32. Bxh7 Qxh7 33. Qxg5 Rf7 34. Rc1 Rxc1+ 35. Qxc1 Qd3 36. Rxd3 1-0


[Site "https://www.chess.com"]

[Event "Titled Tuesday Blitz February 14 Early 2023"]
[White "Nugumanov, Bakhtiyar"]
[Black "Guliev, Logman"]
[WhiteFideId "13701797"]
[BlackFideId "13400061"]
[WhiteElo "2316"]
[BlackElo "2250"]
[Result "0-1"]
[Round "02"]
[TimeControl "180+2"]
[Date "2023.02.15"]
[WhiteClock "0:00:01"]
[BlackClock "0:00:05"]

1. Nf3 Nf6 2. c4 e6 3. g3 d5 4. Bg2 c5 5. cxd5 exd5 6. d4 Nc6 7. O-O h6 8. Nc3 Be7 9. b3 O-O 10. Bb2 Bg4 11. h3 Bh5 12. Rc1 Re8 13. g4 Bg6 14. dxc5 Bxc5 15. e3 Bb6 16. Ne2 Ne4 17. Nf4 Ne7 18. Nxg6 Nxg6 19. Nd4 Nh4 20. Bh1 Ng5 21. Bg2 Nxg2 22. Kxg2 Qf6 23. Ba1 Qg6 24. Nf5 Ne6 25. Qxd5 h5 26. Qf3 Ng5 27. Qg3 Ne4 28. Qf4 f6 29. Kh1 hxg4 30. Qxg4 Qxg4 31. hxg4 Kf7 32. Kg2 Rad8 33. Rh1 Rd2 34. Rcf1 g6 35. Rh7+ Ke6 36. Ng7+ Kf7 37. Nxe8+ Kxe8 38. Rh8+ Kf7 39. Rh7+ Ke6 40. Rxb7 Bxe3 41. Kf3 Nd6 42. Rb4 Bc5 43. Rf4 f5 44. gxf5+ gxf5 45. Re1+ Ne4 46. Re2 Rd1 47. Bh8 Rh1 48. Bg7 Rg1 49. Bb2 Bd6 50. Rh4 Kf7 51. Rh7+ Kg6 52. Rxa7 Ng5+ 53. Ke3 Bc5+ 54. Kd3 Bxa7 55. Re7 Bc5 56. Rc7 Rb1 57. Rxc5 Rxb2 58. Rc6+ Kh5 59. b4 Rxa2 60. Rc5 Rxf2 61. Ke3 Rf3+ 62. Ke2 Kg4 63. Rc4+ f4 64. b5 Rb3 65. Rc5 Ne4 66. Re5 f3+ 67. Kf1 Kf4 68. Rxe4+ Kxe4 69. b6 Ke3 0-1


[Site "https://www.chess.com"]

[Event "Titled Tuesday Blitz February 14 Early 2023"]
[White "Cramling Bellon, Anna"]
[Black "Martic, Ivan"]
[WhiteFideId "32009232"]
[BlackFideId "929301"]
[WhiteElo "2043"]
[BlackElo "2301"]
[Result "0-1"]
[Round "02"]
[TimeControl "180+2"]
[Date "2023.02.15"]
[WhiteClock "0:00:02"]
[BlackClock "0:00:23"]

1. d4 Nf6 2. c4 g6 3. Nc3 d5 4. cxd5 Nxd5 5. e4 Nxc3 6. bxc3 Bg7 7. Qa4+ Nd7 8. Nf3 O-O 9. Bg5 c5 10. Qa3 b6 11. Bd3 Bb7 12. O-O Nf6 13. Rfe1 Qc7 14. d5 c4 15. Bc2 a6 16. Rad1 Rfe8 17. Qc1 Ng4 18. Bf4 Ne5 19. Nxe5 Bxe5 20. Bxe5 Qxe5 21. Qe3 b5 22. f4 Qd6 23. e5 Qa3 24. f5 Rad8 25. fxg6 fxg6 26. Be4 Rf8 27. Qb6 Ba8 28. Bxg6 Qxc3 29. Qe6+ Kg7 30. Be4 Qb4 31. Re3 Qc5 32. Re1 Rf4 33. Bf3 Bxd5 34. Kf1 Bxe6 35. g3 Rxf3+ 36. Rxf3 Bh3+ 0-1


[Site "https://www.chess.com"]

[Event "Titled Tuesday Blitz February 14 Early 2023"]
[White "Mujumdar, Sameer"]
[Black "Zampronha, Wladimir Camilo"]
[WhiteFideId "2029707"]
[BlackFideId "2103087"]
[WhiteElo "1992"]
[BlackElo "2176"]
[Result "0-1"]
[Round "02"]
[TimeControl "180+2"]
[Date "2023.02.15"]
[WhiteClock "0:00:33"]
[BlackClock "0:00:16"]

1. d4 Nf6 2. c4 e6 3. Nc3 Bb4 4. Nf3 O-O 5. g3 d5 6. Bg2 dxc4 7. O-O Nc6 8. e3 Na5 9. Qe2 Rb8 10. Ne5 b5 11. Bd2 Bb7 12. Bxb7 Rxb7 13. Qf3 Rb6 14. Rad1 Qa8 15. Qe2 a6 16. f3 Nc6 17. Ng4 Nxg4 18. fxg4 Ne7 19. e4 c5 20. a3 cxd4 21. axb4 dxc3 22. bxc3 Ng6 23. Qf2 Rbb8 24. Bf4 Nxf4 25. Qxf4 Qb7 26. Rd2 Rbd8 27. Rdf2 Rd3 28. Rf3 Rxf3 29. Rxf3 Rd8 30. Kg2 Qd7 31. Kh3 g6 32. g5 e5+ 33. Qg4 Qxg4+ 34. Kxg4 Rd2 35. h4 Kf8 36. Rf6 Rd3 37. Rxa6 Rxc3 38. Rb6 Re3 39. Rxb5 Rxe4+ 40. Kf3 Rd4 41. Rxe5 c3 42. Rc5 Rxb4 43. Rxc3 Kg7 44. Rc6 Ra4 45. g4 Ra3+ 46. Kf4 Ra4+ 47. Kg3 Ra3+ 48. Kf2 Ra2+ 49. Kf3 Ra3+ 50. Ke2 Ra2+ 51. Kd3 Ra4 52. Rc4 Ra3+ 53. Ke4 Rh3 54. Kf4 Rxh4 55. Rc6 Rh1 56. Rb6 Rf1+ 57. Kg3 Rd1 58. Kf4 Rd4+ 59. Kg3 Rd7 60. Kf4 Re7 61. Rc6 Re6 62. Rc7 Ra6 63. Rd7 Ra4+ 64. Kg3 Ra5 65. Kf4 Rb5 66. Kg3 Rxg5 67. Kf4 Rb5 68. Rc7 Rb6 69. Rb7 Rf6+ 70. Kg3 g5 71. Rb5 h6 72. Rf5 Rxf5 73. gxf5 Kf6 0-1


[Site "https://www.chess.com"]

[Event "Titled Tuesday Blitz February 14 Early 2023"]
[White "Fernandez, Michael"]
[Black "ritanovikova"]
[WhiteFideId "5803560"]
[WhiteElo "2181"]
[BlackElo "2179"]
[Result "1-0"]
[Round "02"]
[TimeControl "180+2"]
[Date "2023.02.15"]
[WhiteClock "0:00:10"]
[BlackClock "0:00:08"]

1. e4 d5 2. exd5 Qxd5 3. Nc3 Qd6 4. Nf3 Nf6 5. Bc4 Bf5 6. d3 a6 7. h3 Nc6 8. O-O e6 9. Bg5 Be7 10. Qd2 O-O 11. Rfe1 h6 12. Bf4 Qd8 13. Rad1 Na5 14. Bb3 Nxb3 15. axb3 Bb4 16. Ne5 Nd5 17. Bg3 Qg5 18. Qxg5 hxg5 19. Nxd5 exd5 20. c3 Bd6 21. Kh2 f6 22. Nf3 Bxg3+ 23. Kxg3 Rfe8 24. Nd4 Rxe1 25. Rxe1 Bxd3 26. Re7 Rc8 27. Ne6 Bc2 28. b4 Bf5 29. Nxg7 Bg6 30. Ne6 Bf7 31. Nxc7 Kf8 32. Rd7 f5 33. Nxd5 f4+ 34. Kf3 b5 35. Nb6 Rc6 36. Rb7 Bh5+ 37. Ke4 Bg6+ 38. Ke5 Rc8 39. Nxc8 1-0


[Site "https://www.chess.com"]

[Event "Titled Tuesday Blitz February 14 Early 2023"]
[White "Meera, Sai"]
[Black "Hajiyev, Kanan"]
[WhiteFideId "5004357"]
[BlackFideId "13404148"]
[WhiteElo "2064"]
[BlackElo "2197"]
[Result "0-1"]
[Round "02"]
[TimeControl "180+2"]
[Date "2023.02.15"]
[WhiteClock "0:00:53"]
[BlackClock "0:01:01"]

1. e4 c6 2. d4 d5 3. e5 a6 4. Nf3 Bg4 5. Be2 e6 6. O-O c5 7. c3 Nc6 8. h3 Bxf3 9. Bxf3 cxd4 10. cxd4 Qb6 11. Be3 Nge7 12. Nd2 Nf5 13. b3 Ncxd4 14. Bg4 Nxe3 15. fxe3 Nc6 16. Qf3 Nxe5 17. Qf4 Bd6 18. Kh1 O-O 19. Nf3 Nc4 20. Qg5 Nxe3 21. Rfc1 Rac8 22. Rxc8 Rxc8 23. Re1 Nxg4 24. Qxg4 Qf2 25. Rg1 Qg3 26. Qxg3 Bxg3 27. Nd4 Bf2 28. Rd1 Bxd4 29. Rxd4 Kf8 30. a4 a5 31. Kh2 Ke7 0-1


[Site "https://www.chess.com"]

[Event "Titled Tuesday Blitz February 14 Early 2023"]
[White "Buchenau, Frank"]
[Black "Floresvillar Gonzalez, Luis Migu"]
[WhiteFideId "4604350"]
[BlackFideId "5100542"]
[WhiteElo "2222"]
[BlackElo "2043"]
[Result "1-0"]
[Round "02"]
[TimeControl "180+2"]
[Date "2023.02.15"]
[WhiteClock "0:00:16"]
[BlackClock "0:00:01"]

1. e4 e5 2. Nf3 Nc6 3. Bb5 Nf6 4. d3 d6 5. O-O Bd7 6. c3 Be7 7. Nbd2 O-O 8. Re1 a6 9. Ba4 b5 10. Bc2 Bg4 11. h3 Bh5 12. Nf1 Qd7 13. Ng3 Bg6 14. Nh4 Rad8 15. Qf3 Na5 16. b4 Nb7 17. a4 c5 18. axb5 axb5 19. Ngf5 Ra8 20. Bg5 cxb4 21. cxb4 Rxa1 22. Rxa1 Rc8 23. Bb3 Bd8 24. Ra7 Rc7 25. Ra8 Rc8 26. Ra7 Rc7 27. Ra8 Rc8 28. Rxc8 Qxc8 29. d4 Qd7 30. Qd3 Qe8 31. Nxg6 hxg6 32. Ne3 exd4 33. Qxd4 Qxe4 34. Bxf6 Qb1+ 35. Kh2 Bxf6 36. Bxf7+ Kxf7 37. Qd5+ Kf8 38. Qxb7 Qxb4 39. Qc8+ Kf7 40. Qd7+ Kf8 41. Nd5 Qc5 42. Qe6 Qa3 43. f4 Qc5 44. Nxf6 gxf6 45. Qxf6+ Ke8 46. Qxg6+ Kd7 47. Qf7+ Kc6 48. Qe8+ Kd5 49. Qe2 b4 50. f5 1-0


[Site "https://www.chess.com"]

[Event "Titled Tuesday Blitz February 14 Early 2023"]
[White "Mirzanurov, Bulat"]
[Black "Hertlein, Irena"]
[WhiteFideId "4184521"]
[BlackFideId "21817618"]
[WhiteElo "2232"]
[BlackElo "1994"]
[Result "1-0"]
[Round "02"]
[TimeControl "180+2"]
[Date "2023.02.15"]
[WhiteClock "0:00:16"]
[BlackClock "0:00:31"]

1. e4 c5 2. Nf3 e6 3. d4 cxd4 4. Nxd4 a6 5. Bd3 Bc5 6. Nb3 Ba7 7. a4 Nc6 8. O-O Nf6 9. Nc3 Qc7 10. Kh1 h5 11. f4 Ng4 12. Qe2 b6 13. Bxa6 Bxa6 14. Qxa6 O-O 15. Qe2 g5 16. Nb5 Qd8 17. Nxa7 Rxa7 18. fxg5 d5 19. h3 Nge5 20. exd5 Qxd5 21. Be3 Qe4 22. Rfe1 Rxa4 23. Rxa4 Qxa4 24. Bxb6 Qh4 25. Be3 Rd8 26. Kg1 Ng4 27. hxg4 hxg4 28. Bf2 g3 29. Bxg3 Qxg3 30. Qf2 Qxg5 31. Nc5 Ne5 32. Ne4 Qg6 33. Nf6+ Kg7 34. Rxe5 Rd1+ 35. Kh2 Qxf6 36. Qg3+ Qg6 37. Rg5 1-0


[Site "https://www.chess.com"]

[Event "Titled Tuesday Blitz February 14 Early 2023"]
[White "Thiel, Thomas"]
[Black "Babikov, Ivan"]
[WhiteFideId "4615964"]
[BlackFideId "4161106"]
[WhiteElo "2234"]
[BlackElo "2239"]
[Result "0-1"]
[Round "02"]
[TimeControl "180+2"]
[Date "2023.02.15"]
[WhiteClock "0:02:30"]
[BlackClock "0:02:06"]

1. e4 c5 2. Nc3 g6 3. d4 Bg7 4. dxc5 Qa5 5. Ne2 Qxc5 6. Be3 Qa5 7. Bd4 Bxd4 8. Qxd4 Nf6 9. O-O-O Nc6 10. Qd2 d6 11. Kb1 Be6 12. Nd4 Nxe4 0-1


[Site "https://www.chess.com"]

[Event "Titled Tuesday Blitz February 14 Early 2023"]
[White "Delorme, Axel"]
[Black "Sabar, Ethmane Daouda"]
[WhiteFideId "632023"]
[BlackFideId "19600097"]
[WhiteElo "2483"]
[BlackElo "2040"]
[Result "1-0"]
[Round "02"]
[TimeControl "180+2"]
[Date "2023.02.15"]
[WhiteClock "0:00:31"]
[BlackClock "0:00:06"]

1. e4 e5 2. Nf3 Nc6 3. Bb5 f5 4. d3 fxe4 5. dxe4 Nf6 6. O-O Bc5 7. Nc3 d6 8. Bg5 Bg4 9. h3 Bxf3 10. Qxf3 O-O 11. Bc4+ Kh8 12. Nd5 Nd4 13. Qd3 Ne6 14. Bxf6 gxf6 15. b4 c6 16. bxc5 cxd5 17. Qxd5 Nf4 18. Qxd6 Qe8 19. Kh2 Qh5 20. Qd7 Rad8 21. Qg4 Qh6 22. Rad1 Rde8 23. Rd7 Qg5 24. Qxg5 fxg5 25. Rxb7 h5 26. c6 Rc8 27. c7 Rfe8 28. Rd1 1-0


[Site "https://www.chess.com"]

[Event "Titled Tuesday Blitz February 14 Early 2023"]
[White "Kohler, Aran"]
[Black "Valle Maytin, Luis Enrique"]
[WhiteFideId "1002856"]
[BlackFideId "3503666"]
[WhiteElo "2010"]
[BlackElo "2241"]
[Result "1-0"]
[Round "02"]
[TimeControl "180+2"]
[Date "2023.02.15"]
[WhiteClock "0:00:24"]
[BlackClock "0:00:03"]

1. Nf3 Nf6 2. d4 d5 3. Bg5 c6 4. Nbd2 g6 5. e3 Bg7 6. Bd3 Bg4 7. c3 Nbd7 8. h3 Bxf3 9. Nxf3 h6 10. Bf4 Rc8 11. b4 a6 12. a4 O-O 13. O-O Re8 14. Qc2 Nh5 15. Bh2 e5 16. dxe5 Nxe5 17. Nxe5 Bxe5 18. Bxe5 Rxe5 19. Rae1 Qe7 20. Be2 Nf6 21. b5 axb5 22. axb5 Kg7 23. bxc6 bxc6 24. Bf3 c5 25. Rd1 Rc7 26. c4 dxc4 27. Qxc4 Ra7 28. Rd3 Rc7 29. Rfd1 Nh7 30. Rd5 Nf6 31. Rd8 h5 32. Ra8 Qe6 33. Qxe6 Rxe6 34. Rc1 Ne4 35. Ra4 Nd6 36. Bd5 Re5 37. e4 Kf6 38. Ra6 Ke7 39. f4 Rxd5 40. exd5 c4 41. Rc6 Rxc6 42. dxc6 Kd8 43. g4 Kc7 44. f5 hxg4 45. fxg6 fxg6 46. hxg4 Kxc6 47. Kf2 Kd5 48. Ke3 Nb5 49. Rf1 Nd4 50. Rd1 Kc5 51. Rxd4 1-0


[Site "https://www.chess.com"]

[Event "Titled Tuesday Blitz February 14 Early 2023"]
[White "Wahedi, Ahmad Siar"]
[Black "Ruge, Edison"]
[WhiteFideId "4651260"]
[BlackFideId "4401000"]
[WhiteElo "2274"]
[BlackElo "2201"]
[Result "1-0"]
[Round "02"]
[TimeControl "180+2"]
[Date "2023.02.15"]
[WhiteClock "0:00:18"]
[BlackClock "0:00:01"]

1. e4 e5 2. Nf3 Nc6 3. Bb5 f5 4. d3 fxe4 5. dxe4 Nf6 6. O-O Bc5 7. Qe2 d6 8. Qc4 Qe7 9. b4 Be6 10. Qc3 Nxe4 11. Qe1 Bxf2+ 12. Rxf2 Nxf2 13. Qxf2 O-O 14. Bxc6 bxc6 15. Nc3 d5 16. Qc5 Qf6 17. Bd2 e4 18. Ng5 Bg4 19. Re1 h6 20. Nxd5 cxd5 21. Qxd5+ Kh8 22. Nxe4 Qg6 23. Ng3 Rad8 24. Qc5 Qb6 25. Be3 Rfe8 26. Qc3 Qg6 27. Rf1 Rd1 28. Rxd1 Bxd1 29. Bxa7 Bxc2 30. Bd4 Ba4 31. h3 Bb5 32. Kh2 Kh7 33. Qxc7 Rf8 34. Qe5 Rf7 35. Qxb5 Re7 36. Qc5 Re1 37. Qc3 Rb1 38. a4 Rd1 39. a5 Qd6 40. Bxg7 Rd3 41. Qe5 Qg6 42. Bf8 1-0


[Site "https://www.chess.com"]

[Event "Titled Tuesday Blitz February 14 Early 2023"]
[White "Broca Jimenez, Fernando"]
[Black "Gurevich, Dmitry"]
[WhiteFideId "5104742"]
[BlackFideId "2000407"]
[WhiteElo "2075"]
[BlackElo "2393"]
[Result "0-1"]
[Round "02"]
[TimeControl "180+2"]
[Date "2023.02.15"]
[WhiteClock "0:00:02"]
[BlackClock "0:00:14"]

1. e4 c5 2. c3 d5 3. exd5 Qxd5 4. d4 g6 5. Nf3 Bg7 6. Be2 Nf6 7. O-O O-O 8. c4 Qd6 9. d5 b5 10. cxb5 Bb7 11. Nc3 Nxd5 12. Bd2 Nd7 13. Nxd5 Qxd5 14. Bc3 Bxc3 15. bxc3 Nb6 16. Qxd5 Nxd5 17. c4 Nc3 18. Rfe1 f6 19. Nd2 Rfd8 20. Nb3 Rac8 21. Bg4 Rc7 22. Be6+ Kf8 23. a4 Rd3 24. a5 Ne4 25. b6 axb6 26. axb6 Rc6 27. Na5 Rxe6 28. Nxb7 Rxb6 29. Rxe4 Rxb7 30. h4 e5 31. Rc1 Rd4 32. Re3 Rxh4 33. Rec3 Rd4 34. g3 h5 35. R1c2 Rb4 36. Kg2 Ke7 37. Kf3 f5 38. Ke3 Ke6 39. Rc1 g5 40. R1c2 g4 41. Ke2 f4 42. gxf4 exf4 43. Rc1 f3+ 44. Kf1 Ke5 45. Kg1 Kf4 46. Kh2 h4 47. R1c2 Rb1 48. Rc1 Rxc1 49. Rxc1 Rd2 50. Kg1 g3 51. Re1 gxf2+ 52. Kf1 fxe1=Q+ 0-1


[Site "https://www.chess.com"]

[Event "Titled Tuesday Blitz February 14 Early 2023"]
[White "Grunberg, Mihai-Lucian"]
[Black "Torres Dominguez, David"]
[WhiteFideId "1204149"]
[BlackFideId "2220857"]
[WhiteElo "2401"]
[BlackElo "1994"]
[Result "0-1"]
[Round "02"]
[TimeControl "180+2"]
[Date "2023.02.15"]
[WhiteClock "0:01:56"]
[BlackClock "0:01:03"]

1. e4 Nc6 2. d4 e5 3. d5 Nce7 4. c4 Ng6 5. Nc3 Bc5 6. Bd3 Nf6 7. Nf3 a5 8. O-O d6 9. a3 O-O 10. Rb1 Qe7 11. b4 axb4 12. axb4 Bb6 13. Na4 Ba7 14. c5 dxc5 15. Ba3 Bd7 16. Bc2 Bxa4 17. Bxa4 cxb4 18. Bxb4 Bc5 19. Bxc5 Qxc5 20. Bc2 b6 21. h3 Ra2 22. Bb3 Ra5 23. Rc1 Qd6 24. Rc6 Qe7 25. Qc2 Rc5 26. Rxc5 Qxc5 27. Qxc5 bxc5 28. Nd2 Nf4 29. Rc1 Ne2+ 0-1


[Site "https://www.chess.com"]

[Event "Titled Tuesday Blitz February 14 Early 2023"]
[White "Jovic, Stanoje"]
[Black "Aung Thant Zin"]
[WhiteFideId "905020"]
[BlackFideId "13000063"]
[WhiteElo "2075"]
[BlackElo "2268"]
[Result "1-0"]
[Round "02"]
[TimeControl "180+2"]
[Date "2023.02.15"]
[WhiteClock "0:00:22"]
[BlackClock "0:00:28"]

1. c4 e5 2. g3 Nf6 3. Bg2 d5 4. cxd5 Nxd5 5. Nf3 Nc6 6. O-O Be7 7. d4 e4 8. Ne5 e3 9. fxe3 Nxe5 10. dxe5 Be6 11. a3 O-O 12. Qc2 c6 13. Nc3 Nxc3 14. Qxc3 Qb6 15. b4 a5 16. Rb1 axb4 17. axb4 Rfd8 18. Be4 Qa6 19. Bd3 Qb6 20. Kg2 Ra4 21. Rf4 g5 22. Rd4 Rxd4 23. exd4 Rxb4 24. Rxb4 Qxb4 25. Qxb4 Bxb4 26. Bxg5 Bc3 27. e3 Bd5+ 28. Kf2 b5 29. Ke2 b4 30. Kd1 Bb3+ 31. Kc1 Ba4 32. Be7 b3 33. Ba3 Kg7 34. g4 Kh6 35. h4 Kg7 36. h5 Kh6 37. Bb2 Bb4 38. Kb1 Kg5 39. Bxh7 Kxg4 40. Bg8 Kxh5 41. Bxf7+ Kg4 42. Be8 Bb5 43. Bg6 Kf3 44. e6 Kxe3 45. Bh7 c5 46. dxc5 Bxc5 47. Bf6 Bd3+ 48. Bxd3 Kxd3 49. Kb2 Kc4 50. e7 Kd5 51. e8=Q 1-0


[Site "https://www.chess.com"]

[Event "Titled Tuesday Blitz February 14 Early 2023"]
[White "Larina, Maria"]
[Black "Andrews, Todd"]
[WhiteFideId "24113182"]
[BlackFideId "2012456"]
[WhiteElo "1948"]
[BlackElo "2220"]
[Result "0-1"]
[Round "02"]
[TimeControl "180+2"]
[Date "2023.02.15"]
[WhiteClock "0:00:03"]
[BlackClock "0:00:33"]

1. e4 d6 2. d4 g6 3. Nc3 Bg7 4. g3 Nd7 5. Bg2 e5 6. Nge2 Ngf6 7. O-O O-O 8. h3 c6 9. a4 a6 10. g4 Re8 11. Ng3 exd4 12. Nce2 Nc5 13. f3 Ne6 14. g5 Nd7 15. f4 Qb6 16. a5 Qc5 17. Kh1 Nc7 18. f5 Be5 19. Bf4 d5 20. Bxe5 Nxe5 21. Nxd4 Nc4 22. f6 Ne3 23. Qd2 Nxg2 24. Kxg2 dxe4 25. Rf4 e3 26. Qd3 Nd5 27. Rh4 Bd7 28. Ne4 Qf8 29. c4 Nb4 30. Qxe3 c5 31. Nf3 Bc6 32. Nfd2 Nc2 33. Qg3 Nxa1 34. Rxh7 Kxh7 35. Qh4+ Kg8 36. Kh2 Bxe4 37. Nxe4 Rxe4 38. Qxe4 Nb3 39. Qd3 Nd4 40. b4 Qd6+ 0-1


[Site "https://www.chess.com"]

[Event "Titled Tuesday Blitz February 14 Early 2023"]
[White "Kiseleva, Arina"]
[Black "Shubenkova, Veronika"]
[WhiteFideId "4164989"]
[BlackFideId "44124040"]
[WhiteElo "1962"]
[BlackElo "1960"]
[Result "0-1"]
[Round "02"]
[TimeControl "180+2"]
[Date "2023.02.15"]
[WhiteClock "0:00:14"]
[BlackClock "0:00:51"]

1. d4 d5 2. Nf3 e6 3. e3 Nf6 4. Bd3 Bd6 5. Nbd2 Nbd7 6. O-O O-O 7. e4 dxe4 8. Nxe4 Nxe4 9. Bxe4 Nf6 10. Bd3 b6 11. Bg5 Bb7 12. c3 Be7 13. Re1 h6 14. Bh4 c5 15. dxc5 bxc5 16. Qe2 Qb6 17. Ne5 Rad8 18. Rad1 Qc7 19. f4 Nd5 20. Bxe7 Qxe7 21. Qg4 Qf6 22. g3 Qe7 23. f5 Nf6 24. Qh3 c4 25. Bc2 Rxd1 26. Rxd1 Qc5+ 27. Rd4 Qxe5 28. fxe6 fxe6 29. Qf1 Nd5 30. Qxc4 Qe1+ 31. Kg2 Nf4# 0-1


[Site "https://www.chess.com"]

[Event "Titled Tuesday Blitz February 14 Early 2023"]
[White "Gatterer, Florian"]
[Black "Sailer, Mike"]
[WhiteFideId "811688"]
[BlackFideId "2012901"]
[WhiteElo "2170"]
[BlackElo "2109"]
[Result "0-1"]
[Round "02"]
[TimeControl "180+2"]
[Date "2023.02.15"]
[WhiteClock "0:01:33"]
[BlackClock "0:01:00"]

1. e4 d5 2. exd5 Qxd5 3. Nc3 Qd6 4. d4 Nf6 5. Nf3 c6 6. Ne5 Nbd7 7. Nc4 Qc7 8. Qf3 Nb6 9. Bf4 Qd8 10. Nxb6 axb6 11. O-O-O Bg4 12. Qg3 Bxd1 13. Kxd1 Nd5 14. Ne4 Nxf4 15. Qxf4 Qxd4+ 16. Bd3 Qxb2 17. Re1 e6 18. Nd6+ Bxd6 19. Qxd6 Qxa2 20. Kd2 Rd8 21. Qb4 Qa5 22. Qxa5 bxa5 23. Rb1 b5 0-1


[Site "https://www.chess.com"]

[Event "Titled Tuesday Blitz February 14 Early 2023"]
[White "Tarasova, Viktoriya"]
[Black "Kuchava, Ana"]
[WhiteFideId "4175840"]
[BlackFideId "13605348"]
[WhiteElo "2226"]
[BlackElo "2101"]
[Result "1/2-1/2"]
[Round "02"]
[TimeControl "180+2"]
[Date "2023.02.15"]
[WhiteClock "0:00:07"]
[BlackClock "0:00:05"]

1. d4 d5 2. c4 e6 3. Nc3 Be7 4. cxd5 exd5 5. Bf4 c6 6. e3 Bf5 7. h3 Nf6 8. g4 Bg6 9. Nf3 Nbd7 10. Ne5 Nxe5 11. Bxe5 Bd6 12. Bxd6 Qxd6 13. Bg2 O-O 14. O-O Rfe8 15. Re1 h6 16. f3 Re7 17. Qd2 Rae8 18. Re2 Nd7 19. Rae1 Nb6 20. b3 a5 21. f4 Be4 22. Nxe4 dxe4 23. Qxa5 Nd5 24. Qd2 Ra8 25. a4 Qb4 26. Qxb4 Nxb4 27. Rd2 g6 28. f5 gxf5 29. gxf5 Kg7 30. Rf1 Kf6 31. Rf4 Nd5 32. Rxe4 Rxe4 33. Bxe4 Nxe3 34. Rd3 Rg8+ 35. Kf2 Nxf5 36. Rf3 Rg5 37. d5 cxd5 38. Bxd5 b6 39. Rc3 Ke5 40. Bf3 Nd4 41. b4 Rf5 42. Kg3 Rg5+ 43. Kf2 Rf5 44. a5 bxa5 45. bxa5 Rf6 46. Ra3 Ra6 47. Bg2 Nc2 48. Ra4 Rf6+ 49. Kg1 Ra6 50. Bf1 Ra7 51. a6 Ne3 52. Be2 Nd5 53. Ra5 Kd6 54. Kf2 Nc7 55. Kf3 Kc6 56. Kg4 Kb6 57. Ra1 Nxa6 58. Kh5 Nc5 59. Rxa7 Kxa7 60. Kxh6 Ne6 61. Bc4 Nf4 62. Bxf7 Nxh3 1/2-1/2


[Site "https://www.chess.com"]

[Event "Titled Tuesday Blitz February 14 Early 2023"]
[White "Michalski, Olaf"]
[Black "Gutkin, Ilya"]
[WhiteFideId "1106740"]
[BlackFideId "16203470"]
[WhiteElo "2273"]
[BlackElo "2273"]
[Result "1-0"]
[Round "02"]
[TimeControl "180+2"]
[Date "2023.02.15"]
[WhiteClock "0:00:08"]
[BlackClock "0:00:28"]

1. d4 e6 2. c4 b6 3. a3 Bb7 4. Nc3 f5 5. d5 Nf6 6. dxe6 dxe6 7. Qxd8+ Kxd8 8. Bf4 Nbd7 9. O-O-O Ng4 10. Nh3 Bc5 11. e3 h6 12. b4 Be7 13. f3 Nf6 14. Nb5 Ne8 15. Nd4 e5 16. Bxe5 Kc8 17. Nxf5 Bf8 18. Bc3 a5 19. Kb2 Ndf6 20. Nf4 Nd6 21. Ng6 Nxf5 22. Nxh8 Nxe3 23. Re1 axb4 24. axb4 1-0


[Site "https://www.chess.com"]

[Event "Titled Tuesday Blitz February 14 Early 2023"]
[White "Srebrnic, Marko"]
[Black "Bongo Akanga Ndjila, Barthelemy"]
[WhiteFideId "14603616"]
[BlackFideId "10609431"]
[WhiteElo "2366"]
[BlackElo "1824"]
[Result "1-0"]
[Round "02"]
[TimeControl "180+2"]
[Date "2023.02.15"]
[WhiteClock "0:02:25"]
[BlackClock "0:01:40"]

1. e4 e5 2. Nc3 Nc6 3. Bc4 Nf6 4. d3 Bc5 5. f4 O-O 6. Nf3 d6 7. f5 Nd7 8. Bg5 Qe8 9. Nd5 Nb6 10. Nxc7 Qd7 11. Nxa8 Nxc4 12. dxc4 f6 13. Bh4 Nd4 14. Bf2 b6 15. c3 Nc6 16. Bxc5 bxc5 17. Qd5+ Kh8 18. O-O-O Bb7 19. Qxd6 Qxd6 20. Rxd6 Bxa8 21. Rhd1 Na5 22. Nd2 Kg8 23. b3 Kf7 24. Rd7+ Kg8 25. Rxa7 Nc6 26. Rc7 Na5 27. Rxc5 Rd8 28. Rxa5 1-0


[Site "https://www.chess.com"]

[Event "Titled Tuesday Blitz February 14 Early 2023"]
[White "Manukyan, Sargis V."]
[Black "Levine, David"]
[WhiteFideId "13303465"]
[BlackFideId "2011611"]
[WhiteElo "2253"]
[BlackElo "2040"]
[Result "1-0"]
[Round "02"]
[TimeControl "180+2"]
[Date "2023.02.15"]
[WhiteClock "0:00:24"]
[BlackClock "0:00:02"]

1. e4 e5 2. Nf3 Nc6 3. Bc4 Nf6 4. d3 h6 5. O-O d6 6. Nc3 g6 7. h3 Bg7 8. Be3 O-O 9. a4 a6 10. Qd2 Kh7 11. d4 exd4 12. Nxd4 Nxd4 13. Bxd4 Be6 14. Nd5 Nxd5 15. exd5 Bf5 16. Bb3 Re8 17. Rfe1 Qd7 18. Bxg7 Kxg7 19. Qd4+ Kg8 20. a5 h5 21. Qf6 Rxe1+ 22. Rxe1 Re8 23. Rxe8+ Qxe8 24. Qc3 Qe7 25. Qb4 Bc8 26. Qd2 Qe5 27. c3 Kg7 28. Bc2 Bf5 29. Bxf5 Qxf5 30. Qd4+ Qe5 31. Qxe5+ dxe5 32. f3 f5 33. Kf2 Kf6 34. Ke3 g5 35. c4 h4 36. b4 Ke7 37. c5 Kd7 38. Kd3 c6 39. Kc4 Kc7 40. d6+ Kd7 41. Kd3 Ke6 42. Ke3 Kd7 43. Kf2 Ke6 44. g3 hxg3+ 45. Kxg3 Kd7 46. h4 gxh4+ 47. Kxh4 Ke6 48. Kg5 f4 49. Kg4 Kf6 50. Kh3 Ke6 51. Kg2 Kd7 52. Kf2 Ke6 53. Ke2 Kd7 54. Kd2 Ke6 55. Kd3 Kf6 56. Ke4 Ke6 57. d7 Kxd7 58. Kxe5 Ke7 59. Kxf4 Kf6 60. Ke4 Ke6 61. f4 Kf6 62. f5 Kf7 63. Ke5 Ke7 64. f6+ Kf7 65. Kf5 Kf8 66. Ke6 Ke8 67. f7+ Kf8 68. Kf6 b5 69. axb6 1-0


[Site "https://www.chess.com"]

[Event "Titled Tuesday Blitz February 14 Early 2023"]
[White "Osuna Vega, Enrique"]
[Black "Chan, Kim Yew"]
[WhiteFideId "2219549"]
[BlackFideId "5717981"]
[WhiteElo "2061"]
[BlackElo "2340"]
[Result "0-1"]
[Round "02"]
[TimeControl "180+2"]
[Date "2023.02.15"]
[WhiteClock "0:00:54"]
[BlackClock "0:01:15"]

1. e4 b6 2. d4 Bb7 3. Bd3 e6 4. c4 Bb4+ 5. Nc3 d6 6. Nf3 Nd7 7. O-O e5 8. a3 Bxc3 9. bxc3 Ne7 10. Bg5 h6 11. Bh4 g5 12. Bg3 Ng6 13. a4 a5 14. Rb1 Qe7 15. Re1 O-O-O 16. Qe2 h5 17. h3 Rdg8 18. c5 dxc5 19. dxe5 g4 20. e6 Qxe6 21. hxg4 hxg4 22. Ng5 Qe7 23. f4 gxf3 24. Nxf3 Nge5 25. Bxe5 Nxe5 26. Nxe5 Qxe5 27. Ba6 Qh2+ 28. Kf1 Qh1+ 29. Kf2 Rxg2+ 0-1


[Site "https://www.chess.com"]